 Dungeon Crawl Stone Soup version 0.31.0-11-ge490571c62 (webtiles) character file.

Game seed: 11920842056907269825

44 qw the Shooter (level 3, -2/20 HPs)
             Began as a Deep Elf Hunter on Feb 4, 2024.
             Slain by a goblin
             ... wielding a +0 club
             ... led by Robin
              (3 damage)
             ... on level 2 of the Dungeon.
             The game lasted 00:00:03 (1024 turns).

qw the Shooter (Deep Elf Hunter)                    Turns: 1024, Time: 00:00:03

Health: -2/20      AC:  3    Str: 10    XL:     3   Next: 39%
Magic:  5/5        EV: 12    Int: 13    God:
Gold:   87         SH:  0    Dex: 18    Spells: 2/2 levels left

rFire   . . .        a - +0 shortbow
rCold   . . .        (shield currently unavailable)
rNeg    . . .        c - +0 leather armour
rPois   .            (no helmet)
rElec   .            (no cloak)
rCorr   .            (no gloves)
SInv    .            (no boots)
Will    .....        (no amulet)
Stlth   ++           (no ring)
HPRegen 0.23/turn    (no ring)
MPRegen 0.09/turn

%: no passive effects
@: no status effects
A: no striking features
a: no special abilities


You were on level 2 of the Dungeon.
You visited 1 branch of the dungeon, and saw 2 of its levels.

You collected 87 gold pieces.


   Skills:
 - Level 1.5 Fighting
 + Level 7.0 Ranged Weapons
 - Level 2.4 Dodging
 - Level 1.2 Stealth


You had 2 spell levels left.
You didn't know any spells.
Your spell library was empty.

Inventory:

Hand Weapons
 a - a +0 shortbow (weapon)
Armour
 c - a +0 leather armour (worn)
Scrolls
 b - a scroll of identify

Dungeon Overview and Level Annotations

Branches:
Dungeon (2/15)

Altars:

Shops:
D:1 (

Annotations:
D:2 Robin


Message History

The hobgoblin is lightly wounded.
Robin roars a battlecry!
The goblins go into a battle-frenzy!
You shoot an arrow. The arrow closely misses the hobgoblin.
A quokka comes into view.
The hobgoblin hits you but does no damage.
You shoot an arrow. The arrow hits the hobgoblin.
The hobgoblin is almost dead.
A ribbon worm comes into view.
The hobgoblin barely misses you.
The goblin unwields a +0 club.
The goblin wields a +0 sling.
The goblin shoots a sling bullet.
The sling bullet barely misses you. The hobgoblin barely misses you.
You shoot an arrow. The arrow hits the hobgoblin.
You kill the hobgoblin!
The quokka twitches its whiskers.
The hobgoblin closely misses you. The goblin hits you with a +0 dagger.
A goblin comes into view. It is wielding a +0 club.
The goblin hits you with a +0 club.
You shoot an arrow.
The arrow hits the hobgoblin but does no damage.
The hobgoblin is lightly wounded.
The hobgoblin hits you. The goblin hits you with a +0 dagger.
The goblin hits you with a +0 club.
You shoot an arrow.
The arrow hits the hobgoblin but does no damage.
The hobgoblin is lightly wounded.
The hobgoblin barely misses you.
The goblin hits you with a +0 dagger. x2
You shoot an arrow.
The arrow hits the hobgoblin but does no damage.
The hobgoblin is lightly wounded.
The hobgoblin completely misses you. The goblin barely misses you.
The goblin misses you. The goblin closely misses you.
You shoot an arrow. The arrow hits the hobgoblin!
You kill the hobgoblin!
The goblin hits you with a +0 dagger. The goblin closely misses you.
Your Ranged Weapons skill increases to level 7!
You shoot an arrow. The arrow hits the goblin.
The goblin is severely wounded.
The goblin hits you with a +0 club.
You die...

##.####<......
#...#........
###%...## ..
###...# ...
##...#.......
....#..#.###.....
.........####....
.........#g......
.........@gr.....
........gggg.....
#................
#............gg..
#.........####w..
##.......## ..
......... .
.........


You could see a ribbon worm, Robin, a quokka, a hobgoblin (strong) and 6
goblins.

Vanquished Creatures
  An adder (D:2)
  2 dart slugs (D:2)
  3 ball pythons
  5 bats
  A goblin (D:1)
  6 hobgoblins
  4 jackals (D:1)
  3 kobolds (D:1)
  2 frilled lizards (D:1)
  2 rats
29 creatures vanquished.

Notes
Turn   | Place    | Note
-------+----------+-------------------------------------------
     0 | D:1      | qw the Deep Elf Hunter began the quest for the Orb.
     0 | D:1      | Reached XP level 1. HP: 12/12 MP: 3/3
     0 | D:1      | 0 ||| qw: Version: 0.3-a-160-g6735b56
     0 | D:1      | 0 ||| qw: Game counter: 4443
     0 | D:1      | 0 ||| qw: Melee chars always use a shield: true
     0 | D:1      | 0 ||| qw: God list: Okawaru
     0 | D:1      | 0 ||| qw: Allow faded altars: false
     0 | D:1      | 0 ||| qw: Do Orc after clearing Dungeon:15 true
     0 | D:1      | 0 ||| qw: Do second Lair branch before Depths: true
     0 | D:1      | 0 ||| qw: Lair rune preference: random
     0 | D:1      | 0 ||| qw: Goals: Normal
     0 | D:1      | 0 ||| PLANNING D:1-11
   207 | D:1      | Found Meriesch's Weapon Emporium.
   375 | D:1      | Reached skill level 6 in Ranged Weapons
   375 | D:1      | Reached XP level 2. HP: 16/16 MP: 4/4
   476 | D:1      | HP: 4/16 [jackal (1)]
   478 | D:1      | HP: 1/16 [jackal (3)]
   797 | D:1      | 797 ||| DROPPING +6 ring of intelligence.
   798 | D:1      | 798 ||| READING scroll labelled ASIUCU TEOGUSACA.
   829 | D:1      | 829 ||| READING 2 scrolls labelled EGRURY KEKH.
   830 | D:1      | 830 ||| READING scroll labelled NAAPIHIDDI.
   835 | D:1      | 835 ||| READING scroll labelled IQAAK NODUPN.
   835 | D:1      | 835 ||| IDENTIFYING blue potion
   836 | D:1      | 836 ||| READING scroll labelled TUOTRIHIWO.
   837 | D:1      | 837 ||| READING scroll labelled VINAEH CEPSEE.
   837 | D:1      | 837 ||| ENCHANTING +0 shortbow.
   838 | D:1      | 838 ||| DROPPING scroll of butterflies.
   839 | D:1      | 839 ||| DROPPING scroll of fear.
   840 | D:1      | 840 ||| DROPPING potion of attraction.
   889 | D:2      | Reached XP level 3. HP: 15/20 MP: 5/5
   957 | D:2      | 957 ||| FLEEEEING.
  1015 | D:2      | Noticed Robin
  1021 | D:2      | HP: 4/20 [goblin/+0 dagger[Robin] (5)]
  1023 | D:2      | HP: 1/20 [goblin/+0 dagger[Robin] (2)]
  1024 | D:2      | Reached skill level 7 in Ranged Weapons
  1024 | D:2      | Slain by a goblin

Levels and vault maps discovered:
D:1:      elethiomel_arrival_infinity_welcomes_careful_drivers,
          layout_loops_cross, serial_shops, nicolae_shop_bloodbath_and_beyond,
          corner_web_ring
D:2:      layout_rooms, uniq_terence, uniq_robin

Skill      XL: |  1  2  3 |
---------------+----------+-----
Ranged Weapons | 6 7 |  7.0
Fighting       | |  1.5
Dodging        | |  2.4
Stealth        | |  1.2

Action                     || total
---------------------------++-------
   Fire: Shortbow          ||    94
    Use: Scroll            ||     6
 Armour: Leather armour    ||    39
  Dodge: Dodged            ||    33

Table legend:
 A = Non-vault XP
 B = Vault XP
 C = Vault XP percentage of total XP
 D = Non-vault monster count
 E = Vault monster count
 F = Vault count percentage of total count
                 A         B        C        D         E       F
            +---------+---------+-------+---------+---------+-------
      Total |      53 |      10 |  15.9 |      24 |       5 |  17.2
            +---------+---------+-------+---------+---------+-------
        D:1 |      28 |       0 |   0.0 |      17 |       0 |   0.0
        D:2 |      25 |      10 |  28.6 |       7 |       5 |  41.7
            +---------+---------+-------+---------+---------+-------
